 Dungeon Crawl Stone Soup version 0.21.1-1-g345015f (webtiles) character file.

437 Monsterracer the Chopper (level 7, 10/72 HPs)
             Began as a Human Fighter on Feb 13, 2018.
             Was an Initiate of Hepliaklqana.
             Quit the game on level 4 of the Dungeon.
             The game lasted 00:04:43 (3827 turns).

Monsterracer the Chopper (Human Fighter)            Turns: 3827, Time: 00:04:44

Health: 10/72      AC: 23    Str: 18    XL:     7   Next: 21%
Magic:  7/8        EV:  2    Int:  9    God:    Hepliaklqana [......]
Gold:   68         SH:  9    Dex: 12    Spells: 6/6 levels left

rFire    . . .     SeeInvis .   a - +1 war axe
rCold    . . .     Gourm    .   f - +0 shield
rNeg     + + +     Faith    .   (armour currently unavailable)
rPois    +         Spirit   .   (helmet currently unavailable)
rElec    .         Reflect  .   (cloak currently unavailable)
rCorr    +         Harm     .   (gloves currently unavailable)
MR       .....     NoTele   +   (boots currently unavailable)
Stlth    ++........             (no amulet)
HPRegen  0.22/turn              n - ring of stealth
MPRegen  0.11/turn              b - ring of resist corrosion {!d}

@: lethally poisoned (10 -> -13), tree-form
A: reduced essence
a: Recall Ancestor, Ancestor Identity, Renounce Religion


You were on level 4 of the Dungeon.
You worshipped Hepliaklqana.
Hepliaklqana was noncommittal.
You were hungry.
You were a tree.
You visited 2 branches of the dungeon, and saw 5 of its levels.

You collected 68 gold pieces.

Inventory:

Hand Weapons
 a - a +1 war axe (weapon)
Armour
 f - a +0 shield (worn)
 j - a +0 chain mail of fire resistance (melded)
 m - a +0 pair of gloves (melded)
Jewellery
 b - a ring of resist corrosion (right branch) {!d}
 n - a ring of stealth (left branch)
Wands
 g - a wand of polymorph (14)
Scrolls
 h - a scroll of remove curse
 i - 3 scrolls of teleportation
 k - 2 scrolls of fear {!r}
Potions
 d - a potion of might
 e - 2 potions of degeneration
 l - a potion of lignification
 q - 2 potions of haste
Comestibles
 c - 8 rations
 o - 2 chunks of flesh


   Skills:
 + Level 4.0 Fighting
 * Level 5.4 Axes
 + Level 3.8 Armour
 + Level 3.8 Shields
 + Level 1.4 Invocations


You had 6 spell levels left.
You didn't know any spells.

Dungeon Overview and Level Annotations

Branches:
Dungeon (4/15)             Temple (1/1) D:4

Altars:
Cheibriados
Dithmenos
Elyvilon
Fedhas
Gozag
Hepliaklqana
Kikubaaqudgha
Makhleb
Nemelex Xobeh
Okawaru
Qazlal
Ru
Sif Muna
Trog
Uskayaw
Vehumet
Wu Jian
Xom
Yredelemnul
Zin
The Shining One


Message History

The orc dies!
An orc wizard comes into view. It is wielding a dagger.
Things that are here:
a flail; 3 tomahawks There isn't anything to butcher here.
Eat one of 2 chunks of flesh? (ye/n/q)
Okay, then.
The orc wizard points at you and mumbles some strange words.
The puff of frost hits you! The orc wizard casts a spell at you.
The magic dart hits you!
You take 5 damage, and have 29/47 hp.
The orc wizard gestures at you while chanting.
The puff of frost hits you!
A hound and an orc come into view.
The orc is wielding a flail of venom.
You take 5 damage, and have 24/47 hp.
The orc wizard hits you but does no damage.
You miss the orc wizard.
The orc wizard gestures at you while chanting.
The magic dart hits you!
Zulima barely misses the orc wizard.
An orc comes into view. It is wielding a flail.
Your shield and chain mail prevent you from hitting the orc wizard.
You closely miss the orc. You block the orc wizard's attack.
The orc hits you but does no damage.
You are poisoned.
The orc moves out of view.
Zulima hits the orc wizard.
The orc wizard casts a cantrip, but nothing happens.
You hit the orc wizard.
The orc wizard is heavily wounded.
You barely miss the orc.
You feel sick. You block the orc's attack.
Zulima barely misses the orc wizard.
The orc wizard hits Zulima but does no damage.
Zulima closely misses the orc wizard.
You take 1 damage, and have 24/47 hp.
You completely miss the orc wizard.
The orc wizard is heavily wounded.
You completely miss the orc.
You feel sick. The orc hits you but does no damage.
You are more poisoned.
The orc wizard hits Zulima with a dagger.
Zulima hits the orc wizard but does no damage.
You take 1 damage, and have 23/47 hp.
You hit the orc.
The orc is heavily wounded.
You barely miss the orc wizard.
You feel sick.
The orc wizard hits you but does no damage.
Zulima hits the orc wizard but does no damage.
The orc hits you with a flail of venom!
* * * LOW HITPOINT WARNING * * *
You are more poisoned.
The orc wizard hits you but does no damage.
You take 8 damage, and have 15/47 hp.
You turn into a tree.
Your +0 pair of gloves melds into your body.
Your +0 chain mail of fire resistance melds into your body.
You feel less resistant to fire.
Your roots penetrate the ground.
* * * LOW HITPOINT WARNING * * *
You feel sick.
Zulima barely misses the orc wizard.
You block the orc's attack. The orc hits you but does no damage.
You are more poisoned.
The orc wizard begins to cast a cantrip, but forgets the words!
You now have 20/70 hp.
Unknown command.
You closely miss the orc.
The orc is heavily wounded.
You barely miss the orc wizard. You barely miss the orc.
* * * LOW HITPOINT WARNING * * *
You feel very sick.
Zulima misses the orc wizard.
The orc hits you but does no damage. You block the orc wizard's attack.
The orc hits you but does no damage.
Zulima hits the orc wizard!
The orc wizard dies!
Your Fighting skill increases to level 4!
You take 3 damage, and have 17/72 hp.
Unknown command.
Unknown command.
Unknown command.
Unknown command.
Unknown command.
You slash the orc!
You kill the orc!
You hit the orc.
* * * LOW HITPOINT WARNING * * *
You feel very sick. The orc hits you but does no damage.
You take 4 damage, and have 13/72 hp.
Unknown command.
You slash the orc!
You kill the orc!
* * * LOW HITPOINT WARNING * * *
You feel very sick.
You take 3 damage, and have 10/72 hp.
Okay, then.
Press: ? - help, v - describe, . - travel, g - get item A flail of venom.
There is something else lying underneath.
The floor.
Okay, then.
Okay, then.
Are you sure you want to abandon this character and quit the game? (Confirm with "yes".)

,,*,,#......###........h,,***#..*
,**,,#........(...#.#...,,* #<.*
,,,,,+.........(..#.#...,,* #..*
*#######......[.........*,####..*
∩≈≈≈≈≈≈≈......#.).......,,,.....*
*#######.#..............*,###...*
#...,#.#.##.......###.*,#.)...#
####.###.#.####..##.#**,#.#,*#...
................♣)#.#,,,#.#,*#.##
*###.#.........R#)#.#,*,#.#,*#.#
##.#.......#......#.#,**#.#,*#.#
................#....,,,#.#.##.##
##.####.##...#....#)#,*,#.#......
#.[.............#.#.#,,,#.####.##
#..##.#.##..##..#.#.#####......#
..†.........).............######
#.).....##.#.##.#.........#


You could see the friendly Zulima the ancestor.

Vanquished Creatures
  A howler monkey (D:4)
  An orc priest (D:3)
  A worker ant (D:3)
  3 gnolls (D:2)
  5 adders
  2 worms
  A dart slug (D:1)
  2 leopard geckos
  7 orcs
  A ball python (D:2)
  5 giant cockroaches
  4 goblins
  9 hobgoblins
  3 jackals (D:1)
  8 kobolds
  10 bats
  3 frilled lizards
  5 rats
71 creatures vanquished.

Vanquished Creatures (collateral kills)
  The ghost of pk666 the Magician, an amateur DEWz (D:4)
  An orc wizard (D:4)
  An adder (D:4)
  An orc (D:4)
  A frilled lizard (D:4)
5 creatures vanquished.

Grand Total: 76 creatures vanquished

Notes
Turn   | Place    | Note
-------+----------+-------------------------------------------
     0 | D:1      | Monsterracer the Human Fighter began the quest for the Orb.
     0 | D:1      | Reached XP level 1. HP: 18/18 MP: 1/1
   267 | D:1      | Reached XP level 2. HP: 18/24 MP: 2/2
   427 | D:1      | Reached skill level 3 in Axes
   488 | D:1      | Reached XP level 3. HP: 28/29 MP: 3/3
  1098 | D:2      | HP: 9/29 [worm (6)]
  1103 | D:2      | HP: 7/29 [poisoned by an adder]
  1109 | D:2      | HP: 5/29 [poisoned by an adder]
  1117 | D:2      | HP: 4/29 [poisoned by an adder]
  1422 | D:2      | Reached skill level 4 in Axes
  1422 | D:2      | Reached XP level 4. HP: 31/35 MP: 4/4
  1794 | D:2      | Reached XP level 5. HP: 37/41 MP: 5/5
  2471 | D:3      | HP: 15/41 [orc priest/nerve-wracking pain (9)]
  2927 | D:3      | HP: 19/41 [worker ant (6)]
  2928 | D:3      | HP: 9/41 [worker ant (4)]
  2930 | D:3      | Reached XP level 6. HP: 9/47 MP: 6/6
  2933 | D:3      | HP: 8/47 [poisoned by a worker ant]
  2940 | D:3      | HP: 7/47 [poisoned by a worker ant]
  2948 | D:3      | HP: 6/47 [poisoned by a worker ant]
  3444 | D:4      | Found a staircase to the Ecumenical Temple.
  3452 | Temple   | Entered the Ecumenical Temple
  3469 | Temple   | Became a worshipper of Hepliaklqana the Forgotten
  3705 | D:4      | Noticed pk666's ghost (amateur DEWz)
  3732 | D:4      | HP: 20/42 [pk666's ghost] (2)]
  3736 | D:4      | Killed pk666's ghost
  3736 | D:4      | Reached skill level 5 in Axes
  3736 | D:4      | Reached skill level 1 in Invocations
  3745 | D:4      | Reached XP level 7. HP: 23/47 MP: 7/7
  3821 | D:4      | HP: 23/47 [poisoned by an orc]
  3826 | D:4      | HP: 10/72 [poisoned by an orc]
  3827 | D:4      | Quit the game

Skill      XL: |  1  2  3  4  5  6  7 |
---------------+----------------------+-----
Axes           | 3 4 5 |  5.4
Invocations    | 1 |  1.4
Fighting       | 4 |  4.0
Armour         | |  3.8
Shields        | |  3.8

Action                   |  1- 3 |  4- 6 |  7- 9 || total
-------------------------+-------+-------+-------++-------
Melee: War axe           |    93 |   138 |    15 ||   246
  Use: Scroll            |       |    10 |       ||    10
       Potion            |       |       |     1 ||     1
  Eat: Chunk             |       |     9 |       ||     9
Armor: Scale mail        |    39 |    57 |       ||    96
       Plate armour      |       |     8 |     1 ||     9
       Chain mail        |       |       |     6 ||     6
       Skin              |       |       |     4 ||     4
Dodge: Dodged            |    21 |    38 |     1 ||    60
Block: Shield            |    47 |    60 |    13 ||   120

Vault maps used:
D:1:      dpeg_arrival_lava_temple_mockup
D:2:      minmay_tromino_v7
D:4:      minmay_temple_entry_mist, portal_sewer_entry_d, first_ration,
          trog_book
Temple:   minmay_crystal_snake_temple
